 Dungeon Crawl Stone Soup version 0.27-a0-263-gc8dee61f84 (webtiles) character file.

Game seed: 7989926204894512414

75 knot the Chopper (level 4, 27/35 HPs)
             Began as a Demonspawn Berserker on Feb 5, 2021.
             Was a Believer of Trog.
             Quit the game on level 2 of the Dungeon.
             The game lasted 00:01:35 (2369 turns).

knot the Chopper (Demonspawn Berserker)             Turns: 2369, Time: 00:01:36

Health: 27/35      AC:  2    Str: 17    XL:     4   Next: 11%
Magic:  4/4        EV: 12    Int: 10    God:    Trog [**....]
Gold:   80         SH:  0    Dex: 12    Spells: 3/3 levels left

rFire    . . .     SeeInvis .   a - +0 hand axe
rCold    . . .     Faith    .   (no shield)
rNeg     . . .     Spirit   .   b - +0 animal skin
rPois    .         Reflect  .   (helmet restricted)
rElec    .         Harm     .   (no cloak)
rCorr    .         Rampage  .   (no gloves)
Will     .....                  (no boots)
Stlth    +.........             (no amulet)
HPRegen  0.11/turn              (no ring)
MPRegen  0.09/turn              (no ring)

@: no status effects
A: horns 1, demonic guardian 1
a: Renounce Religion, Berserk, Trog's Hand


You were on level 2 of the Dungeon.
You worshipped Trog.
Trog was pleased with you.
You visited 1 branch of the dungeon, and saw 2 of its levels.

You collected 80 gold pieces.

Inventory:

Hand Weapons
 a - a +0 hand axe (weapon)
Missiles
 c - 113 stones
 e - 29 sling bullets
 g - 8 boomerangs (quivered)
 l - 11 poisoned darts
Armour
 b - a +0 animal skin (worn)
Scrolls
 d - 2 scrolls of magic mapping {unknown}
 f - 5 scrolls of identify {unknown}
 i - a scroll of teleportation {unknown}
 j - 2 scrolls of fear {unknown}
Potions
 h - a potion of curing {unknown}
 k - a potion of haste {unknown}
 m - a potion of might {unknown}


   Skills:
 - Level 3.0 Fighting
 * Level 4.1 Axes
 * Level 1.5 Throwing
 - Level 1.7 Armour
 - Level 1.7 Dodging


You had 3 spell levels left.
You didn't know any spells.
Your spell library was empty.

Dungeon Overview and Level Annotations

Branches:
Dungeon (2/15)

Altars:


Innate Abilities, Weirdness & Mutations

You have a pair of small horns on your head.
A weak demonic guardian rushes to your aid.


Message History

You see here a robe.
You now have 80 gold pieces (gained 15).
An adder comes into view.
The adder hisses angrily.
You hit the adder. Your headbutt misses the adder.
The adder is heavily wounded.
The adder bites you.
You miss the adder.
The adder is heavily wounded.
The adder misses you.
You miss the adder.
The adder is heavily wounded.
The adder bites you. x2
You hit the adder. You headbutt the adder.
You kill the adder!
Trog accepts your kill.
You have reached level 4!
You feel clever.
Your demonic ancestry asserts itself...
You feel the presence of a demonic guardian.
Are you sure you want to abandon this character and quit the game? (Confirm with "yes".)

.#.##......# #.##..##...##.####
.#..#..###.# #...........#.....
.#.##.####.### ####..........####
#.##.........# #..............
......#.##.#.######..........####
...#.##.##.#......##.#.....#.#
####.......#.####.##.##...##.#
####.##........##.........#
#.##.#####@.############ ..##.#
#..# ####.# #..# #..# #.## ..#
###


There were no monsters in sight!

Vanquished Creatures
  4 adders (D:2)
  A dart slug (D:1)
  5 bats
  2 giant cockroaches (D:2)
  5 goblins
  5 hobgoblins
  2 quokkas (D:2)
  4 frilled lizards
  6 kobolds
  2 rats (D:1)
36 creatures vanquished.

Notes
Turn   | Place    | Note
-------+----------+-------------------------------------------
     0 | D:1      | knot the Demonspawn Berserker began the quest for the Orb.
     0 | D:1      | Reached XP level 1. HP: 18/18 MP: 1/1
    60 | D:1      | Reached skill level 3 in Axes
   254 | D:1      | Gained mutation: You have a pair of small horns on your
                  | head. [demonic ancestry]
   254 | D:1      | Reached XP level 2. HP: 22/24 MP: 2/2
  1075 | D:2      | Reached XP level 3. HP: 28/29 MP: 3/3
  1313 | D:2      | Reached ** piety under Trog
  1418 | D:2      | Reached skill level 1 in Throwing
  1482 | D:2      | Reached skill level 4 in Axes
  2369 | D:2      | Gained mutation: A weak demonic guardian rushes to your
                  | aid. [demonic ancestry]
  2369 | D:2      | Reached XP level 4. HP: 27/35 MP: 4/4
  2369 | D:2      | Quit the game

Illustrated notes

Levels and vault maps discovered:
D:1:      psy_arrival_basics, layout_rooms, st_stairs_4
D:2:      layout_loops_cross, minmay_ruptured

Skill      XL: |  1  2  3 |
---------------+----------+-----
Axes           | 3 4 |  4.1
Throwing       | 1 |  1.5
Fighting       | |  3.0
Armour         | |  1.7
Dodging        | |  1.7

Action                   |  1- 3 |  4- 6 || total
-------------------------+-------+-------++-------
Melee: Hand axe          |    94 |       ||    94
       Headbutt          |    11 |       ||    11
Throw: Boomerang         |     6 |       ||     6
Invok: Berserk           |     5 |       ||     5
 Stab: Sleeping          |     1 |       ||     1
Armor: Animal skin       |    20 |       ||    20
Dodge: Dodged            |    77 |       ||    77

Table legend: (Time is in decaauts)
 A = Elapsed time spent in this place.
 B = Non-inter-level travel time spent in this place.
 C = Inter-level travel time spent in this place.
 D = Time resting spent in this place.
 E = Time spent auto-exploring this place.
 F = Levels seen in this place.
 G = Mean time per level.
                   A        B        C        D        E       F      G
               +--------+--------+--------+--------+--------+-----+--------+
         Total |   2434 |   2385 |     49 |    990 |   1139 |   2 | 1217.0 |
       Dungeon |   2434 |   2385 |     49 |    990 |   1139 |   2 | 1217.0 |
               +--------+--------+--------+--------+--------+-----+--------+

Top non-repeatable levels by time:
     D:2: 1246 daAuts
     D:1: 1188 daAuts
